cohdb
Replays
Latest Replays
All Replays
Popular Replays
Top Player Replays
Match Explorer
How It Works
Community
CoH3 Stats
Reddit
Sign in to upload your games and track your stats! →
Sign in with Steam
Reakly vs Dumais
Match 21900243
Overview
Messages
Build Orders
End
Kettenkrad Recon Vehicle
Kettenkrad Recon Vehicle
Construct Infanterie Kompanie
MG 42 Machine Gun Team
Selects Mechanized Battlegroup
Grenadier Squad
Construct Panzergrenadier Kompanie
Panzergrenadier Squad
Panzergrenadier Squad
Selects Raid Package
Selects 8 Rad Armored Car
8 Rad Armored Car
8 Rad Armored Car
8 Rad Armored Car
Pioneer Squad
Pak 40 Anti-tank Gun Team
8 Rad Armored Car
Selects Panther Heavy Tank
Panzergrenadier Squad
8 Rad Armored Car
Selects Spotting Scopes
Selects Stoßtruppen Assault Package
Panther Heavy Tank
Selects Mechanized Assault
Mechanized Assault
Dumais
Reakly
0
0
Comments
sign in to comment!
No comments posted yet!